 Dungeon Crawl Stone Soup version 0.21.1-1-g345015fe64 (webtiles) character file.

5644 Gargoyl the Cleaver (level 10, -5/83 HPs)
             Began as a Centaur Abyssal Knight on Feb 22, 2018.
             Was an Elder of Lugonu.
             Killed from afar by an electric eel (6 damage)
             ... with a bolt of electricity
             ... on level 10 of the Dungeon on Feb 23, 2018.
             The game lasted 00:20:32 (11146 turns).

Gargoyl the Cleaver (Centaur Abyssal Knight)       Turns: 11146, Time: 00:20:33

Health: -5/83      AC: 14    Str: 18    XL:     10   Next: 46%
Magic:  15/15      EV:  2    Int: 11    God:    Lugonu [****..]
Gold:   531        SH:  9    Dex: 18    Spells: 9/9 levels left

rFire    + . .     SeeInvis +   k - +10 broad axe of Ymott {freeze, rF+ Dex+3}
rCold    . . .     Gourm    .   q - +0 shield
rNeg     . . .     Faith    .   y - +0 plate armour
rPois    .         Spirit   .   (no helmet)
rElec    .         Reflect  .   (no cloak)
rCorr    .         Harm     .   (no gloves)
MR       .....     Clarity  +   (no barding)
Stlth    ..........             (no amulet)
HPRegen  0.23/turn              d - +3 ring of protection
MPRegen  0.14/turn              l - +4 ring of dexterity

@: hasted, very quick
A: large, hooves 3, see invisible, agile 1, clarity, deformed body, speed 2,
tough skin 3, wild magic 1
a: Depart the Abyss, Bend Space, Banish, Corrupt, Renounce Religion


You were on level 10 of the Dungeon.
You worshipped Lugonu.
Lugonu was greatly pleased with you.
You were not hungry.

You visited 1 branch of the dungeon, and saw 10 of its levels.
You visited the Abyss 1 time.

You collected 531 gold pieces.

Inventory:

Hand Weapons
 k - the +10 broad axe of Ymott (weapon) {freeze, rF+ Dex+3}
   (You found it on level 8 of the Dungeon)

   It has been specially enchanted to freeze those struck by it, causing extra
   injury to most foes and up to half again as much damage against particularly
   susceptible opponents.
   It can also slow down cold-blooded creatures.
   It affects your dexterity (+3).
   It protects you from fire.
 w - a +0 war axe
 x - a +0 broad axe
Missiles
 r - 7 tomahawks (quivered)
Armour
 q - a +0 shield (worn)
 y - a +0 plate armour (worn)
Jewellery
 d - a +3 ring of protection (left hand)
 l - a +4 ring of dexterity (right hand)
Wands
 b - a wand of flame (19)
 j - a wand of polymorph (20)
Scrolls
 f - a scroll of enchant weapon {unknown}
 g - 8 scrolls of identify
 i - 3 scrolls of amnesia
 m - a scroll of enchant armour
 u - 2 scrolls of remove curse
 v - 3 scrolls of teleportation
Potions
 a - a potion of agility {unknown}
 e - a potion of flight
 o - a potion of heal wounds {unknown}
 p - a potion of magic {unknown}
 t - a potion of cancellation {unknown}
Books
 n - a book of Minor Magic

   Spells                             Type                      Level
   a - Magic Dart                     Conjuration                  1
   b - Blink                          Translocation                2
   c - Call Imp                       Summoning                    2
   d - Slow                           Hexes                        2
   e - Conjure Flame                  Conjuration/Fire             3
   f - Mephitic Cloud                 Conjuration/Poison/Air       3
Comestibles
 c - 15 rations


   Skills:
 + Level 6.2 Fighting
 + Level 8.3 Axes
 + Level 1.2 Throwing
 * Level 6.8 Armour
 + Level 2.1 Dodging
 + Level 2.0 Shields
 * Level 7.6 Invocations


You had 9 spell levels left.
You didn't know any spells.

Dungeon Overview and Level Annotations

Branches:
Dungeon (10/15)            Temple (0/1) D:4
   Lair: D:8-11         Orc: D:9-12

Altars:
Ashenzari
Hepliaklqana
Makhleb
Nemelex Xobeh
Qazlal
Sif Muna
Vehumet
Wu Jian
Xom

Shops:
D:4 *   D:7 ?   D:9 =


Innate Abilities, Weirdness & Mutations

You have hooves in place of feet.
Armour fits poorly on your strangely shaped body.
You cover ground very quickly.
You have extremely tough skin. (AC +3)
You have supernaturally acute eyesight. (SInv)
You are agile. (Dex +2)
You possess an exceptional clarity of mind.
Your spells are a little harder to cast, but a little more powerful.


Message History

You feel yourself speed up.
The electric eel shoots out a bolt of lightning at you!
The bolt of electricity hits you!
The electric eel shoots out a bolt of lightning at you!
The bolt of electricity hits you!
The electric eel shoots out a bolt of lightning at you!
The bolt of electricity hits you!
* * * LOW HITPOINT WARNING * * *
The electric eel shoots out a bolt of lightning at you!
The bolt of electricity hits you!
* * * LOW HITPOINT WARNING * * *
The bolt of electricity hits you!
* * * LOW HITPOINT WARNING * * *
The bolt of electricity misses the electric eel.
The electric eel shoots out a bolt of lightning at you!
The bolt of electricity hits you!
* * * LOW HITPOINT WARNING * * *
The electric eel shoots out a bolt of lightning at you!
The bolt of electricity hits you!
You die...

≈≈≈≈≈≈≈≈.#
≈≈≈≈≈≈≈≈≈#
≈≈≈≈≈≈≈≈≈#
≈≈≈≈≈≈;≈≈#
≈≈≈≈≈≈≈≈≈#
≈≈≈;≈≈≈;≈###
≈;≈≈≈≈≈≈≈..#
≈≈≈≈≈≈≈≈.#.#
≈≈≈≈≈≈≈#.#@#
.≈≈≈≈≈.#.#.#
.#≈≈≈#.#.#.#
###.#.#.#.#
# ###<#.##
#....#
#....#
#.##.# #.#
:#


You could see an electric eel.

Vanquished Creatures
  The ghost of KamiKatze the Conjurer, a novice DrCj (D:5)
  A hippogriff (D:6)
  A vampire (D:9)
  Sigmund (D:4)
  A hungry ghost (D:8)
  A wyvern (D:8)
  Menkaure (D:4)
  A water moccasin (D:8)
  2 ice beasts
  2 sky beasts
  2 black bears
  5 orc warriors
  3 ogres
  A phantom (D:6)
  An eye of draining (D:8)
  A necrophage (D:9)
  The ghost of matti1234 the Vexing, an amateur FoAM (D:3)
  3 centaurs
  3 bullfrogs
  A wyvern skeleton (D:7)
  A scorpion (D:7)
  9 killer bees (D:8)
  3 wights (D:8)
  An electric eel (D:10)
  3 howler monkeys
  4 crimson imps
  A bullfrog zombie (D:8)
  A quasit (D:9)
  5 hounds
  3 jellies
  A bullfrog skeleton (D:4)
  5 orc priests
  3 centaur skeletons (D:6)
  13 orc wizards
  Ijyb (D:4)
  Natasha (thrice) (D:2)
  2 iguanas
  4 worker ants
  2 hound zombies
  2 worker ant zombies (D:5)
  8 adders
  4 gnolls (D:5)
  A shadow imp (D:5)
  An ufetubus (Abyss:1)
  2 worms
  2 leopard geckos
  17 orcs
  4 ball pythons
  4 bats
  8 giant cockroaches
  6 hobgoblins
  14 jackals
  5 kobolds
  A quokka (D:10)
  6 frilled lizards
  10 goblins
  10 rats
203 creatures vanquished.

Notes
Turn   | Place    | Note
-------+----------+-------------------------------------------
     0 | Abyss:1  | Gargoyl the Centaur Abyssal Knight began the quest for the Orb.
     0 | Abyss:1  | Reached XP level 1. HP: 19/19 MP: 2/2
    93 | Abyss:2  | Found a corrupted altar of Lugonu.
   141 | Abyss:2  | Noticed a necromancer
   141 | D:1      | Escaped the Abyss
   225 | D:1      | Reached XP level 2. HP: 26/26 MP: 3/3
   337 | D:1      | Reached * piety under Lugonu
   629 | D:2      | Reached skill level 2 in Axes
   633 | D:2      | Reached XP level 3. HP: 30/31 MP: 4/4
   991 | D:2      | Noticed Natasha
   999 | D:2      | Killed Natasha
   999 | D:2      | Reached XP level 4. HP: 38/40 MP: 4/6
  1038 | D:2      | Noticed an earth elemental
  1040 | D:2      | Found a stormy altar of Qazlal.
  1041 | D:2      | Noticed a water elemental
  1041 | D:2      | Noticed an air elemental
  1041 | D:2      | Noticed a fire elemental
  1347 | D:2      | Noticed Natasha
  1354 | D:2      | Killed Natasha
  1403 | D:2      | Noticed Natasha
  1415 | D:2      | Killed Natasha
  1415 | D:2      | Reached XP level 5. HP: 26/46 MP: 7/7
  2015 | D:3      | Reached ** piety under Lugonu
  2074 | D:3      | Noticed matti1234's ghost (amateur FoAM)
  2083 | D:3      | Gained mutation: You can translocate small distances at will. [potion of mutation]
  2083 | D:3      | Gained mutation: Your body sometimes deteriorates upon taking damage. [potion of mutation]
  2083 | D:3      | Gained mutation: Your system is resistant to poisons. (rPois) [potion of mutation]
  2084 | D:3      | Lost mutation: Your body sometimes deteriorates upon taking damage. [potion of mutation]
  2084 | D:3      | Lost mutation: Your system is resistant to poisons. (rPois) [potion of mutation]
  2084 | D:3      | Lost mutation: You can translocate small distances at will. [potion of mutation]
  2084 | D:3      | Gained mutation: You are clumsy. (Dex -2) [potion of mutation]
  2084 | D:3      | Gained mutation: Your flesh is cold resistant. (rC+) [potion of mutation]
  2085 | D:3      | Lost mutation: Your flesh is cold resistant. (rC+) [potion of mutation]
  2085 | D:3      | Lost mutation: You are clumsy. (Dex -2) [potion of mutation]
  2085 | D:3      | Gained mutation: You are agile. (Dex +2) [potion of mutation]
  2085 | D:3      | Gained mutation: You have a pair of small antennae on your head. [potion of mutation]
  2091 | D:3      | Killed matti1234's ghost
  2091 | D:3      | Reached skill level 3 in Axes
  2091 | D:3      | Reached skill level 1 in Dodging
  2206 | D:3      | Lost mutation: You are agile. (Dex +2) [potion of mutation]
  2206 | D:3      | Lost mutation: You have a pair of small antennae on your head. [potion of mutation]
  2206 | D:3      | Gained mutation: Your spells are a little harder to cast, but a little more powerful. [potion of mutation]
  2206 | D:3      | Gained mutation: You have supernaturally acute eyesight. (SInv) [potion of mutation]
  2206 | D:3      | Gained mutation: You are agile. (Dex +2) [potion of mutation]
  2206 | D:3      | Gained mutation: You possess an exceptional clarity of mind. [potion of mutation]
  2460 | D:4      | Reached XP level 6. HP: 52/52 MP: 8/8
  2476 | D:4      | Noticed an ice beast
  2492 | D:4      | Killed an ice beast
  2744 | D:4      | Noticed Ijyb
  2762 | D:4      | Killed Ijyb
  2774 | D:4      | Found a staircase to the Ecumenical Temple.
  2819 | D:4      | Noticed Sigmund
  2835 | D:4      | Killed Sigmund
  2835 | D:4      | Reached skill level 4 in Axes
  2835 | D:4      | Reached XP level 7. HP: 41/59 MP: 9/9
  3024 | D:4      | Noticed Menkaure
  3033 | D:4      | Killed Menkaure
  3199 | D:4      | Found Itialurph's Assorted Antiques.
  3595 | D:5      | Entered Level 5 of the Dungeon
  3612 | D:5      | Reached skill level 5 in Axes
  3844 | D:5      | Reached XP level 8. HP: 43/66 MP: 11/11
  3852 | D:5      | Noticed KamiKatze's ghost (novice DrCj)
  4237 | D:5      | Killed KamiKatze's ghost
  4298 | D:5      | Reached skill level 5 in Invocations
  4988 | D:5      | Found a deep blue altar of Sif Muna.
  5076 | D:5      | Reached *** piety under Lugonu
  5328 | D:6      | HP: 2/67 [acid (9)]
  5790 | D:6      | Reached skill level 5 in Armour
  5920 | D:6      | Found a shimmering altar of Xom.
  5928 | D:6      | Found a burning altar of Makhleb.
  6048 | D:6      | Reached skill level 5 in Fighting
  6051 | D:6      | Noticed a hippogriff
  6062 | D:6      | Killed a hippogriff
  6062 | D:6      | Reached skill level 6 in Axes
  6279 | D:6      | Reached XP level 9. HP: 64/74 MP: 13/13
  6453 | D:6      | Reached skill level 1 in Shields
  7430 | D:7      | Found a hazy altar of Hepliaklqana.
  7430 | D:7      | Found a radiant altar of Vehumet.
  7431 | D:7      | Found a shattered altar of Ashenzari.
  7534 | D:7      | Found Berch's Magic Scroll Shop.
  8743 | D:8      | Got a bloodstained broad axe
  8744 | D:8      | Identified the +10 broad axe of Ymott {freeze, rF+ Dex+3} (You found it on level 8 of the Dungeon)
  8858 | D:8      | Reached skill level 1 in Throwing
  8862 | D:8      | Reached skill level 7 in Axes
  8868 | D:8      | Reached **** piety under Lugonu
  9400 | D:7      | Found a stormy altar of Qazlal.
  9400 | D:7      | Found an ornate altar of the Wu Jian Council.
  9487 | D:8      | Reached XP level 10. HP: 53/83 MP: 15/15
  9734 | D:9      | Found a sparkling altar of Nemelex Xobeh.
 10170 | D:9      | Reached skill level 8 in Axes
 10213 | D:9      | Found Dady's Jewellery Emporium.
 10870 | D:10     | Entered Level 10 of the Dungeon
 11143 | D:10     | HP: 4/83 [electric eel/bolt of electricity (5)]
 11144 | D:10     | HP: 1/83 [electric eel/bolt of electricity (3)]
 11146 | D:10     | Killed from afar by an electric eel

Skill      XL: |  1  2  3  4  5  6  7  8  9 10 |
---------------+-------------------------------+-----
Axes           | 2 3 4 5 6 7 8 |  8.3
Armour         | 2 3 4 5 6 |  6.8
Invocations    | 3 4 5 7 |  7.6
Dodging        | 1 2 |  2.1
Fighting       | 4 5 6 |  6.2
Shields        | 1 2 |  2.0
Throwing       | 1 |  1.2

Action                   |  1- 3 |  4- 6 |  7- 9 | 10-12 || total
-------------------------+-------+-------+-------+-------++-------
Melee: Hand axe          |    70 |   160 |   315 |       ||   545
       Kick              |     8 |    35 |   139 |    23 ||   205
       Broad axe         |       |       |    59 |    77 ||   136
       War axe           |       |       |    47 |       ||    47
Throw: Tomahawk          |       |       |     8 |     1 ||     9
Invok: Depart the Abyss  |     1 |       |       |       ||     1
  Use: Scroll            |     3 |     5 |     8 |       ||    16
       Potion            |     1 |     4 |     4 |     2 ||    11
  Eat: Chunk             |       |     3 |    12 |     3 ||    18
       Ration            |       |       |     3 |       ||     3
Armor: Scale mail        |    59 |    96 |   232 |     1 ||   388
       Plate armour      |       |       |       |    67 ||    67
Dodge: Dodged            |    37 |    55 |   115 |     8 ||   215
Block: Shield            |       |       |   122 |    47 ||   169
